 Dungeon Crawl Stone Soup version 0.30-a0-1035-g38d5fb2972 (webtiles) character file.

Game seed: 2402260727262262332

10 DeathPants the Stinger (level 2, 0/20 HPs)
             Began as a Ghoul Venom Mage on Apr 8, 2023.
             Slain by a quokka (3 damage)
             ... on level 1 of the Dungeon.
             The game lasted 00:01:14 (159 turns).

DeathPants the Stinger (Ghoul Venom Mage)            Turns: 159, Time: 00:01:15

Health: 0/20       AC:  2    Str: 11    XL:     2   Next: 20%
Magic:  0/4        EV: 12    Int: 10    God:
Gold:   18         SH:  0    Dex:  9    Spells: 4/5 levels left

rFire   . . .      SeeInvis .    d - +0 dagger
rCold   + . .      Faith    .    (no shield)
rNeg    + + +      Spirit   .    a - +0 robe
rPois   ∞          Reflect  .    (no helmet)
rElec   .          Rampage  .    (no cloak)
rCorr   .                        (no gloves)
Will    .....                    (no boots)
Stlth   ++                       (no amulet)
HPRegen 0.00/turn                (no ring)
MPRegen 0.09/turn                (no ring)

@: inhibited regen
A: claws 1, cold resistance 1, negative energy resistance 3, inhibited
regeneration, torment resistance 2, devour on kill
a: no special abilities


You were on level 1 of the Dungeon.
You visited 1 branch of the dungeon, and saw 1 of its levels.

You collected 18 gold pieces.

Inventory:

Hand Weapons
 d - a +0 dagger (weapon)
Armour
 a - a +0 robe (worn)
Scrolls
 c - a scroll of identify {unknown}
 e - 3 scrolls of blinking {unknown}
Potions
 b - a potion of magic


   Skills:
 - Level 1.7 Dodging
 - Level 2.1 Stealth
 + Level 2.1 Spellcasting
 - Level 0.8 Transmutations
 + Level 3.3 Poison Magic


You had 4 spell levels left.
You knew the following spells:

 Your Spells              Type           Power      Damage    Failure   Level
a - Sting                 Tmut/Pois      20%        1d4       13%         1

Your spell library contained the following spells:

 Spells                   Type           Power      Damage    Failure   Level
 Poisonous Vapours        Pois/Air       8%         N/A       24%         2
 Mephitic Cloud           Conj/Pois/Air  3%         N/A       52%         3
 Olgreb's Toxic Radiance  Pois           7%         N/A       61%         4


Dungeon Overview and Level Annotations

Branches:
Dungeon (1/15)

Altars:


Innate Abilities, Weirdness & Mutations

You are immune to poison.
You have sharp fingernails.
Your flesh is cold resistant. (rC+)
You are immune to negative energy. (rN+++)
You do not regenerate when monsters are visible.
You are immune to unholy pain and torment.
You thrive by killing the living.


Message History

The quokka is lightly wounded.
The quokka completely misses you.
You closely miss the quokka.
The quokka is lightly wounded.
The quokka bites you.
You miss the quokka.
The quokka is lightly wounded.
The quokka misses you. The quokka bites you.
Your magical contamination has completely faded away.
You hit the quokka but do no damage.
The quokka is lightly wounded.
The quokka bites you.
* * * LOW HITPOINT WARNING * * *
The quokka attacks as you move away! The quokka misses you.
Aiming: Sting (safe; 13% risk of failure)
Press: ? - help, Q - select action Shift-Dir - straight line, f - quokka, p - bat
Aim: a quokka (56% to hit)
The sting hits the quokka.
The quokka is poisoned.
The quokka is lightly wounded.
The quokka completely misses you. The quokka closely misses you.
You miss the quokka.
The quokka is moderately wounded.
The quokka bites you.
* * * LOW HITPOINT WARNING * * *
You hit the quokka but do no damage.
The quokka is heavily wounded.
The quokka completely misses you.
You hit the quokka but do no damage.
The quokka is heavily wounded.
The quokka closely misses you.
You hit the quokka.
The quokka is almost dead.
The quokka looks more healthy.
The quokka barely misses you.
You barely miss the quokka.
The quokka is almost dead.
The quokka misses you. The quokka completely misses you.
You hit the quokka.
The quokka is almost dead.
The quokka bites you.
You die...

...... #.#..#. ....###
#.#..#. .....# #....#. . #
#...# #...##. ..# #.#...#
#...... ....
#.#..†######.....# #...
#................#
#....######...#.......††.#
#....†.br@'..............#
#....######..............#
..... #......###......
.... ####.....####### ...
#.....## .. #......######
. #............
##.......≈≈≈§ ##.....≈≈§§§


You could see a quokka and a bat.

Vanquished Creatures
  A dart slug (D:1)
  An endoplasm (D:1)
  A goblin (D:1)
  2 hobgoblins (D:1)
  A quokka (D:1)
  A rat (D:1)
7 creatures vanquished.

Notes
Turn   | Place    | Note
-------+----------+-------------------------------------------
     0 | D:1      | DeathPants the Ghoul Venom Mage began the quest for the
                  | Orb.
     0 | D:1      | Reached XP level 1. HP: 14/14 MP: 2/2
   142 | D:1      | Reached XP level 2. HP: 17/20 MP: 2/4
   159 | D:1      | Slain by a quokka

Illustrated notes

Levels and vault maps discovered:
D:1:      lemuel_arrival_lava_pool, layout_basic

Skill      XL: |  1 |
---------------+----+-----
Spellcasting   | 2 |  2.1
Dodging        | |  1.7
Stealth        | |  2.1
Transmutations | |  0.8
Poison Magic   | |  3.3

Action                     || total
---------------------------++-------
  Melee: Dagger            ||    31
         Unarmed           ||     3
         Punch             ||     1
   Cast: Sting             ||     7
 Armour: Robe              ||     5
  Dodge: Dodged            ||    37

Table legend: (Time is in decaauts)
 A = Elapsed time spent in this place.
 B = Non-inter-level travel time spent in this place.
 C = Inter-level travel time spent in this place.
 D = Time resting spent in this place.
 E = Time spent auto-exploring this place.
 F = Levels seen in this place.
 G = Mean time per level.
                   A        B        C        D        E       F      G
               +--------+--------+--------+--------+--------+-----+--------+
         Total |    158 |    158 |      0 |      0 |     80 |   1 |  158.0 |
       Dungeon |    158 |    158 |      0 |      0 |     80 |   1 |  158.0 |
               +--------+--------+--------+--------+--------+-----+--------+

Top non-repeatable levels by time:
     D:1: 158 daAuts
